 Dungeon Crawl Stone Soup version 0.21-a0-173-g99db44b (webtiles) character file.

34 GordonOverkill the Sneak (level 3, -2/21 HPs)
             Began as an Octopode Enchanter on Aug 8, 2017.
             Slain by an adder (3 damage)
             ... on level 1 of the Dungeon.
             The game lasted 00:01:52 (887 turns).

GordonOverkill the Sneak (Octopode Enchanter)        Turns: 887, Time: 00:01:53

Health: -2/21      AC:  1    Str:  7    XL:     3   Next: 31%
Magic:  6/6        EV: 13    Int: 17    God:
Gold:   26         SH:  0    Dex: 13    Spells: 3/6 levels left

rFire    . . .     SeeInvis .   a - +1 dagger
rCold    . . .     Gourm    .   (no shield)
rNeg     . . .     Faith    .   (helmet restricted)
rPois    .         Spirit   .   (no amulet)
rElec    .         Reflect  .   (no ring)
rCorr    .         Harm     .   (no ring)
MR       .....                  (no ring)
Stlth    ++++......             (no ring)
HPRegen  0.07/turn              (no ring)
MPRegen  0.10/turn              (no ring)
                                (no ring)
                                (no ring)

@: no status effects
A: almost no armour, stealthy swim, amphibious, 8 rings, constrict 8, camouflage
1, gelatinous body 1
a: no special abilities


You were on level 1 of the Dungeon.
You were not hungry.

You visited 1 branch of the dungeon, and saw 2 of its levels.

You collected 26 gold pieces.

Inventory:

Hand Weapons
 a - a +1 dagger (weapon)
Scrolls
 e - a scroll of identify {unknown}
 j - a scroll of teleportation {unknown}
Books
 b - a book of Maledictions

   Spells                             Type                      Level
   a - Corona                         Hexes                        1
   b - Ensorcelled Hibernation        Hexes/Ice                    2
   c - Confuse                        Hexes                        3
   d - Tukima's Dance                 Hexes                        3
   e - Dazzling Spray                 Conjuration/Hexes            3
Comestibles
 c - a bread ration
 f - a royal jelly
 k - 3 fruits


   Skills:
 + Level 1.7 Short Blades
 - Level 2.0 Dodging
 + Level 4.2 Stealth
 + Level 2.3 Spellcasting
 * Level 3.6 Hexes


You had 3 spell levels left.
You knew the following spells:

 Your Spells              Type           Power        Failure   Level  Hunger
a - Corona                Hex            ##.....      4%          1    #......
b - Ensorcelled Hibernat  Hex/Ice        #.....       14%         2    ###....


Dungeon Overview and Level Annotations

Branches:
Dungeon (2/15)

Altars:


Innate Abilities, Weirdness & Mutations

You cannot wear most types of armour.
You are very stealthy in the water. (Stealth+)
You are amphibious.
You can wear up to eight rings at the same time.
You can use your tentacles to constrict eight enemies at once.
Your skin changes colour to match your surroundings (Stealth+).
Your rubbery body absorbs attacks. (AC +1, EV +1)


Message History

The adder bites you but does no damage.
You hit the adder.
The adder is heavily wounded.
The adder bites you but does no damage.
You hit the adder.
The adder is heavily wounded.
The adder bites you but does no damage. The adder bites you.
* * * LOW HITPOINT WARNING * * *
You barely miss the adder.
The adder is heavily wounded.
The adder bites you but does no damage.
You barely miss the adder.
The adder is heavily wounded.
The adder bites you but does no damage.
It was a potion of cancellation.
Your magical effects are unravelling.
You feel magically purged.
You feel less wooden. The adder bites you.
You die...

..#######.#########.# #.
#.# #.# #.# #. #.# #.# #.#
## #.# #.# ##.## # #.# #.#
#..)# # ..# #.# ###)..### #
#.#### #.######.......####
#
#....####......S..........#
#
#.........######@)......#.#
#
#....####..#######...##'#.#
#
#.#..............#...##.###
#
....######.#####.....#...#
# ....## #.# ####.##...# #
.....#####.#### #.##...# #
..............# #.##...## #
.......###.##.#
#####..♣..##### # #....#.#
#....###.............###


You could see an adder.

Vanquished Creatures
  An adder (D:1)
  2 dart slugs (D:1)
  A giant cockroach (D:1)
  6 goblins (D:1)
  3 hobgoblins (D:1)
  3 bats (D:1)
  2 frilled lizards
  2 rats (D:1)
20 creatures vanquished.

Notes
Turn   | Place    | Note
-------+----------+-------------------------------------------
     0 | D:1      | GordonOverkill the Octopode Enchanter began the quest for the Orb.
     0 | D:1      | Reached XP level 1. HP: 11/11 MP: 3/3
    66 | D:1      | Reached XP level 2. HP: 17/17 MP: 5/5
   354 | D:1      | Learned a level 2 spell: Ensorcelled Hibernation
   709 | D:1      | Reached XP level 3. HP: 16/21 MP: 6/6
   884 | D:1      | HP: 1/31 [adder (3)]
   887 | D:1      | Slain by an adder

Vault maps used:
D:1:      evilmike_arrival_plus
D:2:      bloody_makhleb, st_stairs_11

Action                   || total
-------------------------++-------
Melee: Dagger            ||    67
       Constrict         ||     5
       Tentacles         ||     3
  Use: Potion            ||     4
 Stab: Sleeping          ||    11
Armor: Skin              ||    44
Dodge: Dodged            ||    16
